 Dungeon Crawl Stone Soup version 0.25-a0-51-gc466198 (webtiles) character file.

Game seed: 18060340653534268310, levelgen mode: deterministic

589 BoppinsLewinski the Poker (level 7, -5/52 HPs)
             Began as a Demonspawn Gladiator on Oct 25, 2019.
             Killed from afar by an orc wizard (9 damage)
             ... with a magic dart
             ... on level 4 of the Dungeon.
             The game lasted 00:07:18 (4408 turns).

BoppinsLewinski the Poker (Demonspawn Gladiator)    Turns: 4408, Time: 00:07:19

Health: -5/52      AC:  7    Str: 16    XL:     7   Next: 15%
Magic:  7/7        EV: 11    Int: 10    God:
Gold:   257        SH:  0    Dex: 14    Spells: 6/6 levels left

rFire    + . .     SeeInvis .   a - +0 trident
rCold    . . .     Gourm    .   (no shield)
rNeg     . . .     Faith    .   n - +0 scale mail
rPois    .         Spirit   .   c - +0 helmet
rElec    .         Reflect  .   (no cloak)
rCorr    .         Harm     .   (no gloves)
MR       .....                  (no boots)
Stlth    ..........             (no amulet)
HPRegen  0.17/turn              (no ring)
MPRegen  0.10/turn              (no ring)

@: hasted, very quick
A: claws 1, hooves 1, fire resistance 1, powered by death 1
a: no special abilities


You were on level 4 of the Dungeon.
You were not hungry.

You visited 1 branch of the dungeon, and saw 4 of its levels.

You collected 257 gold pieces.

Inventory:

Hand Weapons
 a - a +0 trident (weapon)
 d - a +0 fustibalus
Missiles
 i - 23 stones
 r - 15 boomerangs (quivered)
Armour
 c - a +0 helmet (worn)
 n - a +0 scale mail (worn)
Jewellery
 b - an uncursed amulet of the acrobat {unknown}
 o - an uncursed amulet of faith {unknown}
Wands
 m - a wand of digging (11)
Scrolls
 e - 4 scrolls of identify {unknown}
 g - 3 scrolls of teleportation {unknown}
 k - a scroll of amnesia {unknown}
 s - a scroll of remove curse {unknown}
 t - a scroll of enchant weapon {unknown}
Potions
 p - a potion of curing
 q - a potion of heal wounds
Comestibles
 f - 4 rations


   Skills:
 + Level 3.5 Fighting
 * Level 4.9 Polearms
 + Level 3.2 Throwing
 + Level 2.6 Armour
 + Level 3.9 Dodging


You had 6 spell levels left.
You didn't know any spells.
Your spell library contained the following spells:

 Spells                   Type           Power        Failure   Level  Hunger
 Animate Skeleton         Necr           N/A          80%         1    ##.....
 Apportation              Tloc           #.....       80%         1    ##.....
 Confusing Touch          Hex            #.....       80%         1    ##.....
 Summon Small Mammal      Summ           #...         80%         1    ##.....


Dungeon Overview and Level Annotations

Branches:
Dungeon (4/15)
 Temple: D:4-7

Altars:
Dithmenos
Gozag
Makhleb


Innate Abilities, Weirdness & Mutations

You have sharp fingernails.
You have large cloven feet.
Your flesh is heat resistant. (rF+)
You regenerate a little health from kills.


Message History

Ye be too injured ta fight recklessly!
Unknown command.
Ye be too injured ta fight recklessly!
Ye hit tha orc wizard.
Yer kick misses tha orc wizard.
Tha orc wizard be lightly wounded.
Tha orc wizard closely misses ye.
Somethin' hits ye but does nay damage.
Tha orc closely misses ye.
Unknown command.
Ye hit tha orc wizard.
Ye kick tha orc wizard, but do nay damage.
Tha orc wizard be moderately wounded.
Tha orc wizard closely misses ye.
Somethin' hits ye but does nay damage.
Tha orc closely misses ye.
Unknown command.
Ye hit tha orc wizard but do nay damage.
Tha orc wizard be moderately wounded.
Ye feel yerself speed up.
Tha orc wizard gestures at ye while chantin'.
Tha magic dart hits ye!
Ye die...

..................##########.....
###'########.....................
#....#.....#.)...................
#....#.....#................###'#
#....#.....#................#...#
#....# ...#................#...#
.#.#######'#................##..#
####......)....)o#############..#
...........o@# #...#
..........){.# #...#
.............# #...#
.............# ##..#
.###########... #### #.... #....
#[..


You could see an orc wizard and an orc.

Vanquished Creatures
  Grinder (D:4)
  An ogre (D:4)
  A scorpion (D:2)
  2 orc wizards (D:4)
  A bullfrog skeleton (D:4)
  Terence (D:2)
  4 adders
  An ooze (D:1)
  2 worms
  A dart slug (D:3)
  4 leopard geckos
  9 orcs
  10 bats
  3 giant cockroaches
  8 goblins
  10 hobgoblins
  3 jackals
  2 quokkas
  A ball python (D:4)
  4 frilled lizards
  8 kobolds
  7 rats
84 creatures vanquished.

Notes
Turn   | Place    | Note
-------+----------+-------------------------------------------
     0 | D:1      | BoppinsLewinski the Demonspawn Gladiator began the quest
                  | for the Orb.
     0 | D:1      | Reached XP level 1. HP: 16/16 MP: 1/1
   580 | D:1      | You fall into a shaft and drop 1 floor!
   610 | D:1      | Gained mutation: Your flesh is heat resistant. (rF+)
                  | [demonic ancestry]
   610 | D:1      | Reached XP level 2. HP: 22/22 MP: 2/2
   742 | D:1      | Reached skill level 3 in Polearms
  1000 | D:1      | Reached XP level 3. HP: 27/27 MP: 3/3
  1340 | D:2      | Found a shadowy altar of Dithmenos.
  1345 | D:2      | Noticed a scorpion
  1352 | D:2      | Killed a scorpion
  1352 | D:2      | Reached skill level 1 in Armour
  1352 | D:2      | Reached XP level 4. HP: 20/34 MP: 4/4
  1807 | D:2      | Found an opulent altar of Gozag.
  1975 | D:2      | Noticed Terence
  1996 | D:2      | Killed Terence
  1996 | D:2      | Gained mutation: You have sharp fingernails. [demonic
                  | ancestry]
  1996 | D:2      | Reached XP level 5. HP: 39/39 MP: 5/5
  2774 | D:3      | Found a burning altar of Makhleb.
  2791 | D:3      | Noticed a green death
  2987 | D:3      | Reached skill level 4 in Polearms
  3322 | D:4      | Noticed an ogre
  3339 | D:4      | HP: 1/60 [ogre/+0 giant spiked club (9)]
  3340 | D:4      | Killed an ogre
  3340 | D:4      | Gained mutation: You regenerate a little health from kills.
                  | [demonic ancestry]
  3340 | D:4      | Reached XP level 6. HP: 2/47 MP: 6/6
  3345 | D:4      | HP: 2/70 [bullfrog skeleton (1)]
  4104 | D:4      | Noticed Grinder
  4112 | D:4      | Paralysed by Grinder for 6 turns
  4127 | D:4      | Paralysed by Grinder for 7 turns
  4142 | D:4      | Killed Grinder
  4142 | D:4      | Gained mutation: You have large cloven feet. [demonic
                  | ancestry]
  4142 | D:4      | Reached XP level 7. HP: 20/52 MP: 7/7
  4408 | D:4      | Killed from afar by an orc wizard

Levels and vault maps discovered:
D:1:      dpeg_arrival_arbitrary_b, layout_basic
D:2:      layout_basic, grunt_dithmenos_smoke_and_mirrors,
          nicolae_gozag_seed_capital, minivault_24, minmay_statues_item,
          uniq_terence
D:3:      layout_basic, makhleb_altar_promises_db, first_ration
D:4:      layout_gridville, uniq_blork_the_orc, uniq_grinder

Skill      XL: |  1  2  3  4  5  6 |
---------------+-------------------+-----
Polearms       | 3 4 |  4.9
Throwing       | 2 3 |  3.2
Dodging        | 3 |  3.9
Armour         | 1 2 |  2.6
Fighting       | 3 |  3.5

Action                   |  1- 3 |  4- 6 |  7- 9 || total
-------------------------+-------+-------+-------++-------
Melee: Trident           |    86 |   171 |    18 ||   275
       Unarmed           |       |       |    10 ||    10
       Kick              |       |       |     2 ||     2
 Fire: Hunting sling     |       |    72 |       ||    72
       Fustibalus        |       |       |     8 ||     8
Throw: Throwing net      |       |     4 |       ||     4
       Boomerang         |       |    14 |     5 ||    19
  Use: Potion            |       |     2 |     3 ||     5
 Stab: Sleeping          |     3 |       |       ||     3
       Held in net/web   |       |     2 |       ||     2
  Eat: Chunk             |     1 |     8 |     2 ||    11
Armor: Leather armour    |    19 |    15 |       ||    34
       Scale mail        |       |    36 |    17 ||    53
       Skin              |       |    22 |    53 ||    75
Dodge: Dodged            |    39 |   103 |    18 ||   160

Table legend:
 A = Non-vault XP
 B = Vault XP
 C = Vault XP percentage of total XP
 D = Non-vault monster count
 E = Vault monster count
 F = Vault count percentage of total count
                 A         B        C        D         E       F
            +---------+---------+-------+---------+---------+-------
      Total |     525 |     317 |  37.6 |      82 |       2 |   2.4
            +---------+---------+-------+---------+---------+-------
        D:1 |      58 |       0 |   0.0 |      26 |       0 |   0.0
        D:2 |     130 |      36 |  21.7 |      17 |       1 |   5.6
        D:3 |      77 |       0 |   0.0 |      30 |       0 |   0.0
        D:4 |     260 |     281 |  51.9 |       9 |       1 |  10.0
            +---------+---------+-------+---------+---------+-------
